[Event "RLP-ch Rapid 2024"]
[Site "Landau"]
[Date "2024.05.04"]
[Round "3.2"]
[White "Lutterbach, Jakob"]
[Black "Barzen, Pascal"]
[Result "0-1"]
[ECO "A22"]
[WhiteElo "1858"]
[BlackElo "2291"]
[Annotator "TA"]
[PlyCount "48"]
[EventDate "2024.05.03"]
[EventType "swiss"]
[EventCountry "GER"]
[SourceTitle "playchess.com"]
[Source "ChessBase"]
[SourceQuality "1"]
[TimeControl "900+5"]

1. c4 e5 2. Nc3 Nf6 3. Nf3 e4 4. Ng5 c6 5. d4 d5 6. cxd5 cxd5 7. g3 h6 8. Nh3 {[%emt 0:00:02] Black is slightly better.} Nc6 9. Bg2 {[%emt 0:00:29] Black keeps a firm grip on the game.} (9. Nf4 $15) 9... Bf5 $17 10. O-O {[%emt 0:01:11] [#]} (10. a3 $17) 10... Qd7 $1 $19 11. g4 Bxg4 12. Nf4 g5 13. f3 {[%emt 0:00:01] [#]} Bf5 $1 (13... exf3 14. exf3 Bf5 15. Nd3 $17) 14. fxe4 dxe4 15. d5 Bc5+ 16. e3 $2 (16. Kh1 {nothing else works.} Ne5 17. d6 gxf4 18. Bxf4) 16... gxf4 {[%emt 0:00:34] Black is clearly winning.} 17. dxc6 Qxd1 (17... bxc6 18. Qxd7+ Nxd7 (18... Bxd7 19. Rxf4 Be7 20. Nxe4 $11) 19. Rxf4 $11) (17... Qxc6 18. Rxf4 Bg6 (18... Rd8 $2 19. Qf1 $18) 19. Kh1 $17) 18. Nxd1 f3 ({Inferior is} 18... bxc6 19. Rxf4 Bg4 20. Rxf6 $14 (20. Nf2 Rg8 $14)) 19. cxb7 Rb8 20. b4 Be7 (20... fxg2 $2 {too greedy.} 21. Rxf5 (21. bxc5 $2 gxf1=Q+ 22. Kxf1 Rxb7 $19) 21... Be7 22. Bb2 $18 (22. Kxg2 Rg8+ 23. Kh1 Rg5 $11)) 21. Bxf3 exf3 22. Rxf3 Bg4 23. Rf1 Rg8 24. Kh1 Be2 {[%emt 0:00:03] Weighted Error Value: White=1.03/Black=0.06 (flawless) .  Mistake:       	White=3     	---        Inaccurate:     	---       	Black=1      OK:         	White=5     	Black=6      Best:        	White=2     	Black=1      Strong:       	---       	Black=1} 0-1

[Event "RLP-ch Rapid 2024"]
[Site "Landau"]
[Date "2024.05.04"]
[Round "3.3"]
[White "Bender, Tim"]
[Black "Lang, Torsten"]
[Result "0-1"]
[ECO "B06"]
[WhiteElo "1850"]
[BlackElo "2299"]
[Annotator "TA"]
[PlyCount "54"]
[EventDate "2024.05.03"]
[EventType "swiss"]
[EventCountry "GER"]
[SourceTitle "playchess.com"]
[Source "ChessBase"]
[SourceQuality "1"]
[TimeControl "900+5"]

1. d4 g6 2. e4 c6 3. Nf3 d5 4. exd5 cxd5 5. Bf4 Nc6 6. c3 Bg4 7. Be2 e6 8. O-O {[%emt 0:00:22] White is slightly better.} Bg7 9. Nbd2 Nge7 10. h3 Bxf3 11. Nxf3 O-O 12. Re1 Nf5 13. Bd3 Nd6 14. Ne5 Nxe5 15. Bxe5 Rc8 16. Qb3 Rc7 17. Qa3 Bxe5 18. dxe5 Nc8 19. Rad1 Qe7 20. Qb3 Nb6 21. a4 Qc5 22. Qc2 {[%emt 0:00:38] [#]} (22. Bf1 $11) 22... Rfc8 ({Black should try} 22... d4 $1 $17 23. c4 Nxc4) 23. Re3 (23. Qb3 $15) 23... d4 $17 24. Re4 dxc3 25. b4 {[%emt 0:00:02] Wards off Qa5} (25. bxc3 $17 Qxc3 26. Qxc3 Rxc3 27. a5) 25... Qe7 $19 26. Rg4 Nd5 27. Qb3 {[%emt 0:00:46] [#]} (27. Rb1) 27... c2 {[%emt 0:07:04] Weighted Error Value: White=0.60/Black=0.16 (very precise) .  Mistake:       	White=4     	Black=1      Inaccurate:     	White=4     	Black=3      OK:         	White=3     	Black=8      Best:        	---       	Black=2} 0-1

[Event "RLP-ch Rapid 2024"]
[Site "Landau"]
[Date "2024.05.04"]
[Round "3.4"]
[White "Frischmann, Rick"]
[Black "Muranyi, Karl-Jasmin"]
[Result "1-0"]
[ECO "B15"]
[WhiteElo "2355"]
[BlackElo "2338"]
[Annotator "TA"]
[PlyCount "45"]
[EventDate "2024.05.03"]
[EventType "swiss"]
[EventCountry "GER"]
[SourceTitle "playchess.com"]
[Source "ChessBase"]
[SourceQuality "1"]
[TimeControl "900+5"]

1. e4 c6 2. d4 d5 3. f3 g6 4. Nc3 Bg7 5. Be3 Nf6 6. e5 Nfd7 7. Qd2 h6 8. f4 Nb6 {[%emt 0:00:18] White is better.} 9. b3 Bf5 10. h3 h5 11. Nf3 N8d7 12. Bf2 Nf8 13. Rg1 Qd7 14. O-O-O O-O-O 15. Ng5 Qe8 16. g4 Bd7 17. a4 {[%emt 0:01:05][%cal Ba2a4,Ba4a5][%mdl 32] White has more active pieces. The black rooks are passive.} Kb8 18. a5 Nc8 {[%emt 0:00:00] [#] This costs Black the game.} (18... Na8 $16 19. Na4 hxg4) 19. Na4 $18 Ne6 20. Nxe6 Bxe6 {[%emt 0:00:00] Black is weak on the dark squares} 21. Qb4 Rd7 22. Kb2 Qd8 $2 {[%emt 0:00:00] [#]} (22... hxg4 23. hxg4 Rh2) 23. f5 $1 {[%emt 0:00:06][%mdl 512] Weighted Error Value: White=0.12 (very precise) /Black=0.45.  Loses game:     	---       	Black=1      Mistake:       	---       	Black=1      Inaccurate:     	---       	Black=3      OK:         	White=6     	Black=3} 1-0

[Event "RLP-ch Rapid 2024"]
[Site "Landau"]
[Date "2024.05.04"]
[Round "3.5"]
[White "Schenderowitsch, Michael"]
[Black "Bruch, Jochen"]
[Result "0-1"]
[ECO "A61"]
[WhiteElo "2233"]
[BlackElo "2181"]
[Annotator "RC"]
[PlyCount "104"]
[EventDate "2024.05.03"]
[EventType "swiss"]
[EventCountry "GER"]
[SourceTitle "playchess.com"]
[Source "ChessBase"]
[SourceQuality "1"]
[TimeControl "900+5"]

1. Nf3 Nf6 2. d4 e6 3. c4 c5 4. d5 exd5 5. cxd5 d6 6. Nc3 g6 7. Bf4 Bg7 8. e3 O-O 9. h3 a6 10. a4 Qe7 11. Nd2 Nbd7 12. Nc4 Ne8 13. Be2 Rb8 14. a5 Ne5 15. Nb6 Nc7 16. Qb3 g5 17. Bh2 f5 18. Nxc8 Rfxc8 19. O-O Ng6 20. Na4 f4 21. Nxc5 Kh8 22. Rad1 dxc5 23. d6 Qe5 24. dxc7 Qxc7 25. Bh5 c4 26. Qa3 Nh4 27. Rd5 Qc6 28. e4 Rf8 29. Re1 h6 30. g3 fxg3 31. fxg3 Qf6 32. Qe3 Nf3+ 33. Bxf3 Qxf3 34. g4 Rbe8 35. Qxf3 Rxf3 36. Kg2 Rb3 37. Re2 Rxb2 38. Rxb2 Bxb2 39. e5 Kg8 40. Rc5 c3 41. Bg1 Rd8 42. Be3 Kf7 43. Kf3 Ke6 44. Ke4 Rd1 45. Rc7 Rd5 46. Rxb7 Rxe5+ 47. Kf3 Rxa5 48. Rb6+ Kd5 49. Rxh6 c2 50. Rg6 Ra3 51. Rxg5+ Kd6 52. Rg6+ Kd7 0-1

[Event "RLP-ch Rapid 2024"]
[Site "Landau"]
[Date "2024.05.04"]
[Round "3.6"]
[White "Lang, Matthias"]
[Black "Baerwinkel, Tobias"]
[Result "0-1"]
[ECO "B90"]
[WhiteElo "2134"]
[BlackElo "2289"]
[Annotator "TA"]
[PlyCount "59"]
[EventDate "2024.05.03"]
[EventType "swiss"]
[EventCountry "GER"]
[SourceTitle "playchess.com"]
[Source "ChessBase"]
[SourceQuality "1"]
[TimeControl "900+5"]

1. e4 c5 2. Nf3 d6 3. d4 cxd4 4. Nxd4 Nf6 5. Nc3 a6 6. Be3 e5 7. Nb3 Be7 8. f3 Be6 9. Qd2 h5 10. Be2 Nbd7 11. O-O (11. Nd5 $14) 11... O-O 12. Rfd1 Rc8 {[%emt 0:00:39] The position is equal.} 13. Bg5 b5 14. Bf1 Re8 (14... b4 $5 15. Na4 $8 d5 (15... Nxe4 16. Bxe7 Nxd2 17. Bxd8 $11) 16. exd5 Nxd5 17. Bxe7 Qxe7 $11) 15. Be3 Nb6 16. Na5 $2 {[%emt 0:00:51] [#]} (16. Qf2 $11 Nc4 17. Bxc4 Rxc4 18. Rd2) 16... d5 $19 17. Nxd5 Nbxd5 18. exd5 Nxd5 19. Nb3 Qc7 20. Bf2 Qxc2 21. Qa5 (21. Qxc2 $142 Rxc2 22. Rab1) 21... Qxb2 22. Qxa6 b4 23. Rd2 Qa3 24. Qd3 $2 (24. Bc4 Nc7 25. Qxa3 bxa3 26. Bxe6 Nxe6 27. Be3) 24... Rc3 25. Qb1 Ra8 {[%emt 0:00:16][%cal Oc3b3] [#] Hoping for ...Rxb3!} 26. Nc1 (26. Rd1 $142 Ne3 27. Bxe3 Rxe3 28. Qc1) 26... g6 {[%emt 0:00:09] ...Bg5 would now be deadly.} 27. Qb2 (27. Ne2 {might work better.}) 27... Bg5 {[%emt 0:00:19] Black is clearly winning.} 28. Qxa3 bxa3 29. Rd1 Ne3 30. Bxe3 {[%emt 0:00:11] White got outplayed after the opening.   Weighted Error Value: White=0.62/Black=0.34.  Loses game:     	White=1     	---        Mistake:       	White=5     	---        Inaccurate:     	White=3     	Black=4      OK:         	White=4     	Black=8      Best:        	White=2     	---} 0-1

[Event "RLP-ch Rapid 2024"]
[Site "Landau"]
[Date "2024.05.04"]
[Round "3.7"]
[White "Boder, Jan"]
[Black "Vogel, Johannes"]
[Result "1-0"]
[ECO "A29"]
[WhiteElo "2318"]
[BlackElo "2169"]
[Annotator "RC"]
[PlyCount "201"]
[EventDate "2024.05.03"]
[EventType "swiss"]
[EventCountry "GER"]
[SourceTitle "playchess.com"]
[Source "ChessBase"]
[SourceQuality "1"]
[TimeControl "900+5"]

1. c4 e5 2. g3 Nf6 3. Bg2 d5 4. cxd5 Nxd5 5. Nc3 Nb6 6. Nf3 Nc6 7. Rb1 Bf5 8. d3 Qd7 9. O-O Bh3 10. b4 f6 11. b5 Ne7 12. a4 h5 13. d4 Bxg2 14. Kxg2 exd4 15. Qxd4 Qxd4 16. Nxd4 h4 17. Ne6 Kf7 18. Nc5 Rb8 19. Rd1 Ng6 20. Nd7 Rc8 21. Be3 Be7 22. Nc5 Bxc5 23. Bxc5 hxg3 24. hxg3 Rh5 25. Bxb6 axb6 26. Rd7+ Ne7 27. Rbd1 Ke8 28. g4 Rc5 29. Ne4 Rc4 30. R7d4 Rxd4 31. Rxd4 Rd8 32. Rc4 c5 33. g5 Nd5 34. gxf6 gxf6 35. Kf3 Ke7 36. a5 bxa5 37. Nxc5 b6 38. Re4+ Kf7 39. Na4 Rd6 40. Rd4 f5 41. Nxb6 Rxb6 42. Rxd5 Ke6 43. Rc5 a4 44. Rc4 Rxb5 45. Rxa4 Ke5 46. e3 Rc5 47. Ra8 Rc4 48. Ra5+ Kf6 49. Rd5 Rh4 50. Rd4 Rh3+ 51. Kg2 Rh8 52. Rf4 Ke5 53. Kf3 Rh3+ 54. Ke2 Rh8 55. Ra4 Rb8 56. Ra5+ Kf6 57. Kf3 Rb4 58. Rd5 Rh4 59. Rd8 Rh7 60. Rf8+ Ke5 61. Ke2 Rd7 62. Rh8 Rb7 63. Rh4 Rb2+ 64. Kf3 Rb3 65. Kg3 Ra3 66. Rf4 Ra8 67. Kh4 Rh8+ 68. Kg5 Rg8+ 69. Kh6 Rg1 70. Rf3 Ke4 71. Rf4+ Ke5 72. Kh5 Rg2 73. Kh4 Rg1 74. Rf3 Rg8 75. Kh3 Rg7 76. Rg3 Rc7 77. Rg5 Kf6 78. Rh5 Ke5 79. Kg3 Rg7+ 80. Kf3 Rg4 81. Rh8 Ra4 82. Rh7 Rb4 83. Rh6 Ra4 84. Kg3 Rg4+ 85. Kh3 Rg1 86. f4+ Kd5 87. Rf6 Ke4 88. Re6+ Kf3 89. Kh4 Rg8 90. Kh5 Rg1 91. Re5 Rg2 92. Rxf5 Kxe3 93. Rg5 Rh2+ 94. Kg4 Ke4 95. Re5+ Kd4 96. Re8 Kd5 97. Kf5 Kd6 98. Re1 Rg2 99. Kf6 Rg3 100. Rd1+ Kc7 101. f5 1-0

[Event "RLP-ch Rapid 2024"]
[Site "Landau"]
[Date "2024.05.04"]
[Round "3.8"]
[White "Meuer, David"]
[Black "Yakovenko, Oleg"]
[Result "1-0"]
[ECO "B70"]
[WhiteElo "2067"]
[BlackElo "2281"]
[Annotator "RC"]
[PlyCount "147"]
[EventDate "2024.05.03"]
[EventType "swiss"]
[EventCountry "GER"]
[SourceTitle "playchess.com"]
[Source "ChessBase"]
[SourceQuality "1"]
[TimeControl "900+5"]

1. e4 c5 2. Nf3 d6 3. d4 cxd4 4. Nxd4 Nf6 5. Nc3 a6 6. Qf3 g6 7. h3 Bg7 8. Be3 O-O 9. O-O-O Bd7 10. g4 Nc6 11. Qg2 Nxd4 12. Bxd4 Bc6 13. Nd5 Rc8 14. Kb1 Bb5 15. h4 Bxf1 16. Rhxf1 Nxd5 17. exd5 Bxd4 18. Rxd4 Qc7 19. Qe4 Rce8 20. h5 e5 21. Rd2 f5 22. gxf5 gxf5 23. Qe3 Kh8 24. Qh6 Qe7 25. Rd3 Qf6 26. Qe3 f4 27. Qa7 Qe7 28. f3 Rf7 29. Qb6 Qc7 30. Qf2 Rg8 31. Rdd1 Rfg7 32. Qh4 Qe7 33. Qh3 Qd7 34. Qh4 Qf5 35. h6 Rg5 36. a3 Qg6 37. Rd3 Qf7 38. Qf2 Qc7 39. Rc3 Qa5 40. Qa7 Qxd5 41. Rd3 Qc6 42. Rfd1 R5g6 43. Rb3 b5 44. Rc3 Qe8 45. Qxa6 d5 46. Qb7 d4 47. Rc5 Rxh6 48. Re1 Re6 49. Rc7 Qg6 50. Rh1 h6 51. Ka2 d3 52. Rg1 Qf5 53. Rxg8+ Kxg8 54. Qb8+ Qf8 55. Rc8 Rf6 56. Rxf8+ Rxf8 57. Qxe5 dxc2 58. Qc3 Re8 59. Qxc2 Re6 60. Qb3 Kf7 61. Qxb5 Kf6 62. Qh5 Kg7 63. Qg4+ Rg6 64. Qxf4 h5 65. a4 Rh6 66. Qh4 Kg6 67. a5 Rh7 68. a6 Rf7 69. f4 Ra7 70. Qg5+ Kf7 71. Qxh5+ Ke6 72. Qe5+ Kf7 73. Qd5+ Kg6 74. Qb7 1-0

[Event "RLP-ch Rapid 2024"]
[Site "Landau"]
[Date "2024.05.04"]
[Round "3.9"]
[White "Anissimova, Mariya"]
[Black "Mader, Lena"]
[Result "0-1"]
[ECO "B12"]
[WhiteElo "1850"]
[BlackElo "1902"]
[Annotator "NA RC"]
[PlyCount "100"]
[EventDate "2024.05.03"]
[EventType "swiss"]
[EventCountry "GER"]
[SourceTitle "playchess.com"]
[Source "ChessBase"]
[SourceQuality "1"]
[TimeControl "900+5"]

1. e4 c6 2. d4 d5 3. e5 Bf5 4. c4 dxc4 5. Bxc4 e6 6. Nc3 Ne7 7. Nge2 Nd5 8. Nxd5 cxd5 9. Bb5+ Nd7 10. O-O Be7 11. Be3 O-O 12. Bd3 Bxd3 13. Qxd3 Nb6 14. Rac1 Rc8 15. Rxc8 Qxc8 16. Rc1 Qd7 17. b3 Rc8 18. Rc2 Rc6 19. f4 Qc8 20. Rxc6 bxc6 21. Qc2 a5 22. Nc1 Nd7 23. Nd3 Qa6 24. Nb2 g6 25. Kf2 Qb5 26. Na4 Bb4 27. g4 Kg7 28. f5 exf5 29. gxf5 Bf8 30. f6+ Kg8 31. Qc1 h5 32. Bh6 Kh7 33. Bxf8 Nxf8 34. Qc3 Nd7 35. Nb2 c5 36. Nd3 cxd4 37. Qxd4 Qc6 38. Ke3 Qe6 39. Qf4 Qh3+ 40. Kd4 Qg2 41. a4 Nb6 42. e6 Qg1+ 43. Nf2 fxe6 44. f7 Nd7 45. f8=Q Nxf8 46. Qxf8 Qg4+ 47. Kc5 d4 48. Qf7+ Kh6 49. Qxe6 Qxe6 50. Kxd4 Qf6+ 0-1

[Event "RLP-ch Rapid 2024"]
[Site "Landau"]
[Date "2024.05.04"]
[Round "3.10"]
[White "Graf, Ann-Jennifer"]
[Black "Moench, Dorothee"]
[Result "1-0"]
[ECO "B07"]
[WhiteElo "1827"]
[BlackElo "1823"]
[Annotator "NA RC"]
[PlyCount "77"]
[EventDate "2024.05.03"]
[EventType "swiss"]
[EventCountry "GER"]
[SourceTitle "playchess.com"]
[Source "ChessBase"]
[SourceQuality "1"]
[TimeControl "900+5"]

1. e4 d6 2. Nf3 g6 3. Bc4 Bg7 4. d4 Nf6 5. Nbd2 O-O 6. c3 Nc6 7. a4 e5 8. d5 Ne7 9. Qe2 Nh5 10. Nf1 f5 11. Bg5 fxe4 12. Qxe4 Bf5 13. Qh4 Nf6 14. Nxe5 dxe5 15. d6+ Kh8 16. dxe7 Qxe7 17. Ne3 Be6 18. Nd5 Bxd5 19. Bxd5 c6 20. Be4 Kg8 21. O-O Qc7 22. Bc2 c5 23. Bb3+ Kh8 24. Rad1 Rad8 25. Rxd8 Qxd8 26. Rd1 Qc7 27. Be6 Qc6 28. Bb3 Nh5 29. Be7 Bf6 30. Bxf6+ Nxf6 31. Bc2 Kg7 32. Qg3 e4 33. Rd6 Qe8 34. Qg5 h6 35. Qxc5 Qe7 36. Qd4 Kh7 37. h3 b6 38. Bb3 Qc7 39. Rxf6 1-0

[Event "RLP-ch Rapid 2024"]
[Site "Landau"]
[Date "2024.05.04"]
[Round "4.1"]
[White "Carow, Johannes"]
[Black "Barzen, Pascal"]
[Result "1-0"]
[ECO "E36"]
[WhiteElo "2456"]
[BlackElo "2291"]
[Annotator "TA"]
[PlyCount "171"]
[EventDate "2024.05.03"]
[EventType "swiss"]
[EventCountry "GER"]
[SourceTitle "playchess.com"]
[Source "ChessBase"]
[SourceQuality "1"]
[TimeControl "900+5"]

1. d4 Nf6 2. c4 e6 3. Nc3 Bb4 4. Qc2 d5 5. a3 Bxc3+ 6. Qxc3 O-O 7. e3 {[%emt 0:00:45] E36: Nimzo-Indian: Classical: 4...d5 5 a3.} b6 8. cxd5 exd5 9. Nf3 Nbd7 10. Be2 c5 11. O-O Bb7 12. dxc5 bxc5 13. b4 $146 ({Predecessor:} 13. b3 Ne4 14. Qc2 Qb6 15. Bb2 a5 16. a4 Rfe8 17. Bb5 Bc6 18. Bxc6 Qxc6 19. Nd4 {0-1 Andrews,N-Aleksandrov,A (2609) US Open-100 Reno 1999}) 13... Ne4 14. Qb2 Rb8 15. Rd1 Qe7 16. Bd2 Rfc8 17. bxc5 Nxd2 18. Qxd2 Nxc5 19. Nd4 Ne4 20. Qa5 Qc5 21. Qe1 Qc3 22. Bf3 Qxe1+ 23. Rxe1 Ba6 24. Rec1 Kf8 25. Nc6 Rb7 26. Nb4 Bc4 27. Nxd5 Nd2 28. Bd1 Rd8 29. Nb4 a5 30. Nc6 Rd5 31. Nd4 Rb2 32. Rc2 Rxc2 33. Bxc2 Ba6 34. Rd1 Nc4 35. Bb3 Rd6 36. Bxc4 Bxc4 37. Rb1 Bd3 (37... Be6 $16 {keeps fighting.} 38. Rb5 Rd5) 38. Rb3 Bg6 39. Rb8+ Ke7 40. Rb7+ Kf6 41. f3 Bd3 42. Kf2 h5 43. h4 g6 44. Ra7 Rd5 45. Rc7 Rd8 (45... Bb5 $16 {was necessary.} 46. Kg3 Be8) 46. Rc5 $18 Ra8 47. e4 a4 48. Ke3 Bf1 (48... Bb1 $142 49. Rb5 Ba2 50. Rb6+ Kg7) 49. g3 Rb8 (49... Ra7 $16 50. Rc6+ Kg7) 50. Rc6+ Kg7 51. Rc7 Rb2 (51... Bb5 $142 52. Ne6+ Kg8) 52. Ra7 Rg2 53. Kf4 (53. Rxa4 Rb2 54. Ra7 Rb1 $18) 53... Rd2 54. Ne6+ (54. Rxa4 Bg2 55. Ke3 Rd1 $16) 54... Kf6 $2 (54... Kg8) 55. Ng5 $18 Bc4 56. Rxa4 Bb3 57. Ra6+ Ke7 58. Rb6 Bc4 59. Ke5 (59. Rb7+ $142 Kf8 60. a4) 59... Rd3 $2 (59... Rd7 {was called for.} 60. Nh7 Ra7) 60. Rb7+ $18 Ke8 61. a4 Ra3 62. Kf6 Rxa4 63. Nxf7 Ra6+ 64. Kg7 Be2 65. Ng5 Rc6 66. Rf7 Bd1 67. Rf6 Rc2 68. Rxg6 Rg2 69. Kh6 Rxg3 70. Rf6 (70. Kxh5 Bxf3+ 71. Kh6 Bd1 $18) 70... Ke7 71. Rf7+ Ke8 72. Rf4 (72. Kxh5 Rxg5+ 73. Kxg5 Kxf7 $11) 72... Bb3 73. Kxh5 Ke7 74. Kg6 Ba4 75. Kf5 Rg1 76. Ke5 Be8 77. Kd4 Rd1+ 78. Ke3 Rh1 79. Kf2 Bh5 80. Kg2 Ra1 81. Nh3 Ke6 82. Rf5 Be8 83. h5 Ke7 84. Nf4 Bd7 85. Ng6+ Ke6 86. Nf8+ (86. h6 $142 Kd6 87. Rf6+ Kc5 88. h7 Ra8 89. Nf8 (89. h8=R Ra7 $18) (89. h8=Q Rxh8 90. Nxh8 Be8 $18) (89. h8=N Be8 $18) (89. h8=B Rg8 $18) 89... Re8 90. h8=Q (90. h8=R Kd4 $18) 90... Kc4 91. Rb6 (91. Qg8+ Kc3 92. Qd5 Rb8 93. Nxd7 Rb2+ 94. Kg3 Rc2 95. Rb6 Rg2+ 96. Kxg2 Kc2 97. Rc6+ Kb1 98. Qb3+ Ka1 99. Rc1#)) 1-0

[Event "RLP-ch Rapid 2024"]
[Site "Landau"]
[Date "2024.05.04"]
[Round "4.2"]
[White "Lang, Torsten"]
[Black "Frischmann, Rick"]
[Result "0-1"]
[ECO "A48"]
[WhiteElo "2299"]
[BlackElo "2355"]
[Annotator "TA"]
[PlyCount "113"]
[EventDate "2024.05.03"]
[EventType "swiss"]
[EventCountry "GER"]
[SourceTitle "playchess.com"]
[Source "ChessBase"]
[SourceQuality "1"]
[TimeControl "900+5"]

1. d4 Nf6 2. Nf3 g6 3. Bf4 Bg7 4. e3 O-O 5. Be2 d6 6. h3 Nbd7 7. O-O Qe8 8. c4 e5 9. Bh2 e4 10. Nfd2 Qe7 11. Nc3 Re8 {[%emt 0:00:07] A48: 1 d4 Nf6 2 Nf3 g6: Torre, London and Colle Systems.} 12. Qc2 Nf8 13. b4 h5 14. Nd5 $146 ({Predecessor:} 14. c5 d5 15. Qb3 Be6 16. a4 Bh6 17. a5 Rec8 18. Rfc1 N8h7 19. a6 b6 20. Nb5 {1-0 Danner,G (2405)-Znamenacek,K (2300) Prague Bohemians 1987}) 14... Nxd5 15. cxd5 Bf5 16. Rfc1 (16. Rac1 $14 Rac8 17. Nb3) 16... Rac8 (16... Bxd4 $1 $11 17. Rab1 (17. exd4 e3 $14) 17... Be5) 17. Nb3 (17. Qb3 $16) 17... Nh7 18. Na5 Qg5 (18... Bd7 $142) 19. Bf4 $16 (19. Nxb7 Bxh3 20. Bf1 Bd7 $15) 19... Qf6 20. Nxb7 g5 (20... Bd7 $16) 21. Bh2 $18 g4 (21... Qg6 $142 22. Qa4 Nf6) 22. hxg4 $1 $18 hxg4 23. Qd1 (23. Qa4 $18) 23... Qg5 $16 24. Na5 (24. Bb5 $142 $1 Rf8 25. Ba6) 24... Qh5 (24... Nf6 $142) 25. Bf4 (25. Bb5 $16) 25... Bf6 26. g3 (26. Ba6 $14) 26... Kg7 $11 27. Bf1 $2 (27. Bc4 $11) 27... Rh8 (27... Bg5 $1 $19 {Strongly threatening ...Bxf4.} 28. Nc4 Rh8) 28. Bg2 $17 (28. Nc6 $2 Ng5 29. Bg2 Qh2+ 30. Kf1 Nf3 31. Bxf3 exf3 $19) 28... Bg5 $1 29. Qb3 $2 (29. Nc4 $1 $15) 29... Bxf4 $19 30. exf4 Nf6 (30... e3 $19 {and Black stays clearly on top.} 31. Nc6 (31. fxe3 $2 Nf6 $19) (31. Qxe3 $2 Rce8 $19) 31... Ng5 32. Qxe3 Nf3+ 33. Kf1 Rce8) 31. Nc6 $2 (31. Rc3 $17) 31... Rce8 $19 32. Re1 Qh2+ 33. Kf1 e3 $1 34. Rxe3 Be4 35. Bxe4 $2 (35. Rxe4 Nxe4 (35... Rxe4 36. Qd1 $15) 36. Qd3) 35... Nxe4 $19 36. Qb2 Qh1+ 37. Ke2 Nxg3+ 38. Kd3 Rxe3+ (38... Qxd5 39. Rxg3 Qb5+ (39... Qxc6 $2 {too greedy.} 40. d5+ f6 41. Rxg4+ Kf7 42. dxc6 $18) 40. Kc3 Qxc6+ 41. Kb3 Qd5+ 42. Ka4 $17) 39. fxe3 Qe4+ 40. Kc4 Rh5 41. Ne5 Nf5 $2 (41... dxe5 42. fxe5 Rxe5 (42... Qxe3 $2 43. Qc3 $19)) 42. Nxg4 $19 {[%emt 0:00:20] [#]} Ne7 $2 (42... Nxe3+ 43. Nxe3 Qxe3 44. Qg2+ Kf8 45. Rg1 $11) ({Black should try} 42... Ng3 $1 $19 43. Kb5 Qf3 (43... Qxd5+ 44. Ka4 $17)) 43. Rg1 $11 Qxd5+ 44. Kc3 Qc6+ 45. Kb3 Qd5+ 46. Kc3 Ng6 47. Qg2 Qe6 (47... Qb5 $1 $11 {remains equal.}) 48. a3 ({White should play} 48. a4 $16) 48... c5 {[%emt 0:00:02] [#]} (48... Kf8 $11) 49. Qd2 $2 (49. dxc5 $1 $18 dxc5 50. Qc2) 49... cxb4+ $11 50. axb4 a5 51. Kb2 (51. Qb2 {feels hotter.} axb4+ 52. Qxb4 Qd5 53. Qc4) 51... axb4 52. Qxb4 Qd7 53. d5 $2 (53. Qc3 $11 {and White is okay.}) 53... Rxd5 $19 54. Qc3+ Kf8 55. Nf6 Qb5+ 56. Ka1 Qa4+ 57. Kb2 0-1

[Event "RLP-ch Rapid 2024"]
[Site "Landau"]
[Date "2024.05.04"]
[Round "4.3"]
[White "Bruch, Jochen"]
[Black "Boder, Jan"]
[Result "0-1"]
[ECO "A37"]
[WhiteElo "2181"]
[BlackElo "2318"]
[Annotator "TA"]
[PlyCount "68"]
[EventDate "2024.05.03"]
[EventType "swiss"]
[EventCountry "GER"]
[SourceTitle "playchess.com"]
[Source "ChessBase"]
[SourceQuality "1"]
[TimeControl "900+5"]

1. Nf3 c5 2. g3 g6 3. c4 Bg7 4. Bg2 Nc6 5. O-O e5 6. Nc3 d6 7. a3 Nge7 8. Rb1 a5 9. d3 O-O 10. Nd5 Rb8 11. Bd2 Nxd5 12. cxd5 Ne7 13. e4 b5 {[%emt 0:00:04] The position is equal.} 14. b4 cxb4 15. axb4 a4 16. Bc3 f5 17. Qe2 h6 18. Rbc1 g5 {[%emt 0:00:21] Black continues to play with concentration.} 19. Nd2 f4 20. f3 (20. h3 $17 {keeps fighting.}) 20... h5 $19 21. Qf2 (21. Rf2 {is a better defense.}) 21... Ng6 22. Nb1 fxg3 23. hxg3 h4 24. Bd2 g4 25. gxh4 gxf3 (25... Nxh4 26. Qg3 Ng6 27. fxg4 $19) (25... Qxh4 26. Qxh4 Nxh4 27. fxg4 $15) 26. Bg5 $2 {[%emt 0:00:52] [#]} (26. Bxf3 {was forced.} Bh3 (26... Qxh4 27. Qxh4 Nxh4 28. Bh5 $16) (26... Nxh4 27. Qg3 $17) 27. Qg3 (27. Bg5 $2 Bf6 $19) 27... Bxf1 28. Rxf1) 26... fxg2 $1 {[%emt 0:00:47] Black is clearly winning.} 27. Bxd8 (27. Qxg2 Qb6+) 27... gxf1=Q+ 28. Qxf1 Rxf1+ 29. Rxf1 Bh3 30. Rf3 Rxd8 31. Rxh3 Rc8 {[%emt 0:00:01] [#] And now ...Rc1+ would win.} 32. Na3 Nf4 33. Rf3 Ne2+ 34. Kf2 Nd4 {[%emt 0:00:02] Weighted Error Value: White=0.62/Black=0.00 (flawless) .  Mistake:       	White=3     	---        Inaccurate:     	White=1     	---        OK:         	White=3     	Black=11     Best:        	---       	Black=2} 0-1